 Dungeon Crawl Stone Soup version 0.19-a0-1933-g052ff51 (webtiles) character file.

259 Kaname the Digger (level 5, 0/52 HPs)
             Began as a Demonspawn Earth Elementalist on Oct 26, 2016.
             Succumbed to an orc's poison
             ... on level 3 of the Dungeon.
             The game lasted 00:10:18 (3655 turns).

Kaname the Digger (Demonspawn Earth Elementalist)   Turns: 3655, Time: 00:10:18

Health: 0/52       AC: 22    Str: 13    XL:     5   Next: 94%
Magic:  0/8        EV:  2    Int: 23    God:
Gold:   121        SH:  0    Dex: 13    Spells: 3 memorised, 2 levels left

rFire  . . .     SeeInvis .     k - +0 short sword
rCold  . . .     Gourm    .     (armour currently unavailable)
rNeg   + + +     Faith    .     (no shield)
rPois  +         Spirit   +     (helmet currently unavailable)
rElec  .         Reflect  .     (cloak currently unavailable)
rCorr  .         Harm     .     (gloves currently unavailable)
MR     .....     NoTele   +     (boots currently unavailable)
Stlth  ++........               n - amulet of regeneration
                                (no ring)
                                (no ring)

@: mighty, brilliant, lethally poisoned (0 -> -6), tree-form
A: (hooves 0), magic shield
a: no special abilities


You were on level 3 of the Dungeon.
You were not hungry.
You were a tree.
You visited 1 branch of the dungeon, and saw 4 of its levels.

You collected 121 gold pieces.

Inventory:

Hand Weapons
 k - a +0 short sword (weapon)
Missiles
 b - 119 stones (quivered)
Armour
 c - a +0 robe (melded)
 j - a +0 cloak (melded)
Jewellery
 n - an amulet of regeneration (around neck)
Wands
 u - a wand of random effects (14/48)
Scrolls
 f - 2 scrolls of immolation
 h - 2 scrolls of teleportation
 m - 2 scrolls of blinking {unknown}
 p - a scroll of remove curse
Potions
 a - a potion of cure mutation {unknown}
 l - a potion of cancellation {unknown}
 o - a potion of brilliance
 r - a potion of agility {unknown}
 s - a potion of degeneration {unknown}
 v - a potion of experience {unknown}
 w - a potion of magic {unknown}
 x - a potion of lignification
Books
 e - a book of Geomancy

   Spells                             Type                      Level
   a - Sandblast                      Earth                        1
   b - Passwall                       Transmutation/Earth          2
   c - Stone Arrow                    Conjuration/Earth            3
   d - Petrify                        Transmutation/Earth          4
   e - Lee's Rapid Deconstruction     Earth                        5
Comestibles
 d - 3 bread rations
 i - a meat ration
 q - 2 chunks of flesh
 z - 5 fruits


   Skills:
 - Level 1.7 Dodging
 - Level 1.7 Stealth
 - Level 2.0 Spellcasting
 - Level 4.0 Conjurations
 - Level 0.8 Transmutations
 + Level 4.6 Earth Magic


You had 2 spell levels left.
You knew the following spells:

 Your Spells              Type           Power        Failure   Level  Hunger
a - Sandblast             Erth           #####.       1%          1    #......
b - Passwall              Tmut/Erth      ####......   1%          2    ##.....
c - Stone Arrow           Conj/Erth      #####.       1%          3    ###....


Dungeon Overview and Level Annotations

Branches:
Dungeon (4/15)
 Temple: D:4-7

Altars:
Cheibriados


Innate Abilities, Weirdness & Mutations

((You have large cloven feet.))
When hurt, damage is shared between your health and your magic reserves.


Message History

The orc priest calls upon Beogh to heal the orc.
The orc's wounds heal themselves!
Some of the chunks of flesh in your inventory have rotted away.
You hit the orc priest but do no damage.
The orc priest is severely wounded.
* * * LOW HITPOINT WARNING * * *
You feel sick. The orc priest barely misses you.
Okay, then.
You hit the orc priest.
The orc priest is severely wounded.
* * * LOW HITPOINT WARNING * * *
You feel sick.
The orc priest hits you but does no damage.
You hit the orc priest.
You kill the orc priest!
* * * LOW HITPOINT WARNING * * *
You feel sick.
It was a potion of might.
You feel very mighty all of a sudden.
You die...

#...............
###.##.#.##.#####. #........##.#
#. #.#.##......# #.
#######.#.##..##### #. ###
#.......#.##..# #. #.#
#.#######.##..# #.
#.########.#######.##..##### #.
.........#......♣o..#......# #.
#.######.#########o.#......#####.
#.#....#.#........>........'.....
#.#.##.#.#.##########......#####.
#.#.##.#.#.#.....................
#)#.##.#.#.#.###########'##.##...
#.#.##.#.#.#.# #.........
#.#.#.<#.#.#.# #####.##...
#.#.####.....## #...#.##...


You could see 2 orcs.

Vanquished Creatures
  A hound (D:3)
  2 orc priests (D:3)
  Natasha (twice) (D:3)
  2 adders
  3 oozes
  A worm (D:3)
  2 dart slugs (D:2)
  A leopard gecko (D:1)
  3 orcs (D:3)
  A ball python (D:3)
  7 bats
  12 giant cockroaches
  3 goblins
  6 hobgoblins
  14 jackals
  7 frilled lizards
  7 kobolds
  7 rats
81 creatures vanquished.

Notes
Turn   | Place    | Note
-------+----------+-------------------------------------------
     0 | D:1      | Kaname the Demonspawn Earth Elementalist began the quest for the Orb.
     0 | D:1      | Reached XP level 1. HP: 13/13 MP: 3/3
   181 | D:1      | Gained mutation: You have large cloven feet. [demonic ancestry]
   181 | D:1      | Reached XP level 2. HP: 16/19 MP: 3/5
   415 | D:1      | Learned a level 2 spell: Passwall
  1182 | D:2      | Reached XP level 3. HP: 17/24 MP: 0/6
  1258 | D:2      | Learned a level 3 spell: Stone Arrow
  1349 | D:2      | Found a snail-covered altar of Cheibriados.
  1702 | D:2      | Reached skill level 1 in Conjurations
  2296 | D:3      | Reached XP level 4. HP: 30/30 MP: 7/7
  2905 | D:3      | Noticed Natasha
  2928 | D:3      | Killed Natasha
  2928 | D:3      | Gained mutation: When hurt, damage is shared between your health and your magic reserves. [demonic ancestry]
  2928 | D:3      | Reached XP level 5. HP: 24/35 MP: 1/8
  3275 | D:3      | Noticed Natasha
  3279 | D:3      | Killed Natasha
  3654 | D:3      | HP: 1/52 [poisoned by an orc]
  3655 | D:3      | Succumbed to an orc's poison

Vault maps used:
D:1:      elethiomel_arrival_shortcut
D:2:      cheibriados_altar_1
D:3:      minmay_roachtagon, uniq_natasha
D:4:      first_bread, minmay_lizard_king, uniq_purgy

Skill      XL: |  1  2  3  4  5 |
---------------+----------------+-----
Earth Magic    | 3 4 |  4.6
Conjurations   | 1 3 4 |  4.0
Dodging        | |  1.7
Stealth        | |  1.7
Spellcasting   | |  2.0
Transmutations | |  0.8

Action                   |  1- 3 |  4- 6 || total
-------------------------+-------+-------++-------
Melee: Hand axe          |    31 |       ||    31
       Short sword       |    95 |   117 ||   212
       Kick              |    16 |    19 ||    35
 Cast: Sandblast         |    44 |    54 ||    98
       Stone Arrow       |       |     2 ||     2
Evoke: Wand              |       |     2 ||     2
  Use: Scroll            |     4 |       ||     4
       Potion            |       |     5 ||     5
 Stab: Sleeping          |     3 |     1 ||     4
  Eat: Chunk             |     4 |     7 ||    11
Armor: Robe              |    41 |    44 ||    85
       Skin              |       |     2 ||     2
Dodge: Dodged            |    92 |   116 ||   208
